 Dungeon Sprint DCSS version 0.30-a0-721-ga6a225cb13 (webtiles) character file.

Game seed: 15335451533206539576

11208 theswoord the End of an Era (level 11, -4/106 HPs)
             Began as a Demonspawn Gladiator on Jan 27, 2023.
             Was the Champion of Qazlal.
             Slain by a slime creature (14 damage)
             ... in the Dungeon (Sprint V: "Ziggurat Sprint").
             The game lasted 00:09:03 (850 turns).

theswoord the End of an Era (Demonspawn Gladiator)   Turns: 850, Time: 00:09:03

Health: -4/106     AC: 26    Str: 20    XL:     11   Next: 46%
Magic:  21/25      EV:  3    Int:  9    God:    Qazlal [******]
Gold:   0          SH: 16    Dex: 22    Spells: 3/12 levels left

rFire   + . .      SeeInvis .    o - +8 storm bow {elec, penet}
rCold   . . .      Faith    .    (shield currently unavailable)
rNeg    + . .      Spirit   .    z - +5 crystal plate armour
rPois   .          Reflect  .    (helmet restricted)
rElec   +          Harm     .    (no cloak)
rCorr   .          Rampage  .    (no gloves)
Will    +++..      Clarity  +    (no boots) Stlth NoTele +
                                 F - amulet of the Four Winds {rN+ Will+++ Clar}
HPRegen 0.37/turn                K - ring "Coiwir" {rElec rF+ AC+4 Str+2}
MPRegen 0.19/turn                x - +6 ring of dexterity

@: protected from physical damage, studying Translocations, repel missiles
A: horns 2, large bone plates 3, demonic guardian 1, ignite blood 2
a: Renounce Religion, Upheaval, Elemental Force, Disaster Area


You were in the Dungeon.
You worshipped Qazlal.
Qazlal was exalted by your worship.
You visited 1 branch

Inventory:

Hand Weapons
 a - a +0 quarterstaff
 o - the +8 storm bow (weapon) {elec, penet}
   (You found it in the Dungeon)
 A - a +2 arbalest of flaming
 D - the +8 Vampire's Tooth {megavamp}
   (You found it in the Dungeon)
 G - the +8 broad axe "Odwymyoh" {spect, rF+ Int+3}
   (You found it in the Dungeon)

   Int:       It affects your intelligence (+3).
   rF:        It protects you from fire.
Missiles
 d - 3 throwing nets
 e - a javelin
Armour
 b - a +0 leather armour
 c - a +0 helmet
 z - a +5 crystal plate armour (worn)
Magical Staves
 E - a staff of cold
 H - a staff of fire
Jewellery
 x - a +6 ring of dexterity (right hand)
 y - a +6 ring of strength
 B - the ring "Vuheujur" {rN+ SInv}
   (You found it in the Dungeon)

   [ring of see invisible]

   rN:        It protects you from negative energy.
   SInv:      It lets you see invisible.
 F - the amulet of the Four Winds (around neck) {rN+ Will+++ Clar}
   (You found it in the Dungeon)

   [amulet of nothing]

   rN:        It protects you from negative energy.
   Clar:      It protects you against confusion.
   Will:      It greatly increases your willpower.
 I - a +5 ring of evasion
 J - a ring of wizardry
 K - the ring "Coiwir" (left hand) {rElec rF+ AC+4 Str+2}
   (You found it in the Dungeon)

   [ring of protection]

   AC:        It affects your AC (+4).
   Str:       It affects your strength (+2).
   rF:        It protects you from fire.
   rElec:     It insulates you from electricity.
 L - the ring "Neyzo" {Fire rPois rN+++ Str-2 Slay-6}
   (You found it in the Dungeon)

   [ring of fire]

   It enhances your fire magic.
   Str:       It affects your strength (-2).
   Slay:      It affects your accuracy & damage with ranged weapons and melee
   (-6).
   rF:        It protects you from fire.
   rC:        It makes you vulnerable to cold.
   rPois:     It protects you from poison.
   rN:        It renders you almost immune to negative energy.
Wands
 u - a wand of mindburst (7)
 v - a wand of iceblast (7)
 w - a wand of light (7)
Scrolls
 k - 4 scrolls of blinking
 q - 4 scrolls of amnesia
 r - 7 scrolls of fog
 s - 5 scrolls of identify
 t - 2 scrolls of fear
Potions
 f - 10 potions of curing
 g - 14 potions of heal wounds
 h - 6 potions of haste
 i - 7 potions of magic
 j - 3 potions of berserk rage
 l - 2 potions of brilliance
 m - 2 potions of invisibility
 n - 4 potions of resistance
 p - 5 potions of might
Miscellaneous
 C - a lightning rod (4/4)


   Skills:
 + Level 16.7 Fighting
 - Level 4.7 Staves
 - Level 11.0 Ranged Weapons
 - Level 1.7 Throwing
 + Level 1.3 Armour
 - Level 2.6 Dodging
 + Level 1.3 Spellcasting
 * Level 8.6 Conjurations
 * Level 7.7 Fire Magic
 + Level 20.2 Invocations


You had 3 spell levels left.
You knew the following spells:

 Your Spells              Type           Power      Damage    Failure   Level
a - Fire Storm            Conj/Fire      7%         8d2       100%        9

Your spell library contained the following spells:

 Spells                   Type           Power      Damage    Failure   Level
 Necrotise                Necr           0%         1d4       100%        1
 Ensorcelled Hibernation  Hex/Ice        0%         N/A       100%        2
 Static Discharge         Conj/Air       16%        2-3/arc   100%        2
 Sublimation of Blood     Necr           0%         N/A       100%        2
 Dazzling Flash           Conj/Hex       16%        N/A       100%        3
 Kindle Blastsparks       Fire/Tloc/Air  10%        2d10      100%        3
 Portal Projectile        Hex/Tloc       0%         N/A       100%        3
 Stone Arrow              Conj/Erth      16%        3d8       100%        3
 Vhi's Electric Charge    Tloc/Air       0%         N/A       100%        3
 Animate Armour           Summ/Erth      0%         N/A       100%        4
 Fulminant Prism          Conj/Hex       4%         3d5       100%        4
 Iskenderun's Mystic Bla  Conj/Tloc      8%         2d4       100%        4
 Petrify                  Tmut/Erth      0%         N/A       100%        4
 Arcjolt                  Conj/Air       4%         1d14      100%        5
 Blade Hands              Tmut           0%         N/A       100%        5
 Freezing Cloud           Conj/Ice/Air   2%         6-21      100%        5
 Irradiate                Conj/Tmut      4%         3d13      100%        5
 Lee's Rapid Deconstruct  Erth           0%         3d4*      100%        5
 Lightning Bolt           Conj/Air       4%         1d15      100%        5
 Metabolic Englaciation   Hex/Ice        0%         N/A       100%        5
 Summon Mana Viper        Hex/Summ       0%         N/A       100%        5
 Lehudib's Crystal Spear  Conj/Erth      4%         10d3      100%        8
 Necromutation            Tmut/Necr      0%         N/A       100%        8
 Chain Lightning          Conj/Air       4%         3d5       100%        9
 Death's Door             Necr           0%         N/A       100%        9
 Shatter                  Erth           0%         3d5*      100%        9


Dungeon Overview and Level Annotations

Branches:
Dungeon (1/1)

Altars:
Ashenzari
Cheibriados
Dithmenos
Fedhas
Gozag
Hepliaklqana
Kikubaaqudgha
Makhleb
Nemelex Xobeh
Okawaru
Qazlal
Ru
Sif Muna
Trog
Uskayaw
Vehumet
Wu Jian
Xom
Yredelemnul
Jiyva
Lugonu


Innate Abilities, Weirdness & Mutations

You have a pair of horns on your head.
You are completely covered in large bone plates. (SH +8)
A weak demonic guardian rushes to your aid.
Your demonic aura often causes spilled blood to erupt in flames.


Message History

The azure jelly hits you but does no damage.
The azure jelly hits you. x2
Your resistance to cold fades away.
You feel protected from physical attacks.
You block the large slime creature's attack.
The azure jelly hits you but does no damage.
The azure jelly hits you. The azure jelly freezes you!!
Your resistance to physical damage fades away.
You feel protected from cold.
* * * LOW HITPOINT WARNING * * *
A demonic guardian appears!
The azure jelly hits you but does no damage.
You block the azure jelly's attack.
A large slime creature splits.
The azure jelly hits you!
* * * LOW HITPOINT WARNING * * *
The azure jelly freezes you! You resist.
* * * LOW HITPOINT WARNING * * *
The azure jelly hits you but does no damage.
The azure jelly hits you.
* * * LOW HITPOINT WARNING * * *
Your resistance to cold fades away.
You feel protected from physical attacks.
The azure jelly hits you but does no damage.
You shoot an arrow.
The arrow closely misses the azure jelly.
You block the azure jelly's attack.
The azure jelly hits you but does no damage.
The azure jelly completely misses you. You block the azure jelly's attack.
You block the slime creature's attack. The slime creature hits you.
* * * LOW HITPOINT WARNING * * *
You feel more protected from physical attacks.
The azure jelly hits you but does no damage. x3
The azure jelly hits you.
* * * LOW HITPOINT WARNING * * *
Your quasit bites the azure jelly but does no damage.
Your quasit barely misses the azure jelly.
Your quasit claws the azure jelly but does no damage.
The slime creature completely misses you.
The slime creature hits you!
You die...

▓..}.)|)..▓
▓..||)|:..▓...}))...▓
▓.........▓...))))..▓
▓.........▓.........▓
▓.........▓....))...▓
▓.........▓.........▓
▓...§.°§..▓.▓.....▓.▓
▓.▓○5JJ○▓.▓....©....▓
▓...○@J...▓▓▓▓▓▓▓▓▓▓▓
▓▓▓▓▓▓▓▓▓▓▓


You could see an azure jelly (ally target), 2 slime creatures and a friendly
quasit (summoned).

Vanquished Creatures
  2 green draconians (D)
  A white draconian (D)
  2 yellow draconians (D)
  An orc high priest (D)
  A deep elf knight (D)
  A shadow wraith (D)
  A deep elf archer (D)
  A deep elf pyromancer (D)
  A deep elf zephyrmancer (D)
  4 draconians (D)
  2 rime drakes (D)
  A polar bear (D)
  An ancient zyme (D)
  A raiju (D)
  5 slime creatures (D)
  2 ynoxinuls (D)
  A water elemental (D)
  A basilisk (D)
  A large abomination (D)
  A floating eye (D)
  7 quasits (D)
  A crimson imp (D)
  An orc priest (D)
  4 jellies (D)
  6 iron imps (D)
  2 shadow imps (D)
  4 white imps (D)
  An ufetubus (D)
  An orc (D)
  An endoplasm (D)
  A ball python skeleton (D)
  A bat simulacrum (D)
61 creatures vanquished.

Notes
Turn   | Place    | Note
-------+----------+-------------------------------------------
     0 | D        | theswoord the Demonspawn Gladiator began the quest for the
                  | Orb.
     0 | D        | Reached XP level 1. HP: 16/16 MP: 1/1
     0 | D        | Found a shimmering blue altar of Sif Muna.
     0 | D        | Found a sacrificial altar of Ru.
     0 | D        | Found a bloodstained altar of Trog.
     0 | D        | Found a stormy altar of Qazlal.
     0 | D        | Found an iron altar of Okawaru.
     0 | D        | Found a sparkling altar of Nemelex Xobeh.
     0 | D        | Found a blossoming altar of Fedhas.
     0 | D        | Found the +6 Majin-Bo {spellvamp, MP+6 Int+6}
     0 | D        | Found the +27 heavy crossbow "Sniper" {heavy, Acc+∞ SInv}
     0 | D        | Found the +10 dark maul {heavy}
     0 | D        | Found the +15 Maxwell's patent armour {-Cast -Tele rElec
                  | Will+ rCorr}
     0 | D        | Found the +18 shield of the Gong {Loud rElec rN+ Will+
                  | EV-5}
     0 | D        | Found the +16 obsidian axe {drain, demonic, Mesm Drain Fly
                  | SInv}
     0 | D        | Found the +7 great mace "Firestarter" {flame, inner flame,
                  | rFlCloud rF++}
     0 | D        | Found the +6 shillelagh "Devastator" {shatter}
     0 | D        | Found the +11 plutonium sword {Contam Stlth-}
     0 | D        | Found the +8 lance "Wyrmbane" {slay drac, rPois rF+ rC+
                  | AC+3}
     0 | D        | Found the +9 sword of Zonguldrok {reap}
     0 | D        | Found the +13 scythe of Curses {drain, curses, Drain}
     0 | D        | Found the +9 sword of Power {lifebolt}
     0 | D        | Found the +7 mace of Variability {chaos, chain chaos}
     0 | D        | Found the +11 Singing Sword {sonic wave}
     0 | D        | Found the +8 storm bow {elec, penet}
     2 | D        | Found a transporter.
     2 | D        | Found an ancient bone altar of Kikubaaqudgha.
     2 | D        | Found a viscous altar of Jiyva.
     2 | D        | Found a corrupted altar of Lugonu.
     2 | D        | Found a hazy altar of Hepliaklqana.
     2 | D        | Found a burning altar of Makhleb.
     2 | D        | Found an opulent altar of Gozag.
    36 | D        | Became a worshipper of Qazlal Stormbringer
    37 | D        | Reached skill level 9 in Invocations
    37 | D        | Gained mutation: Your demonic aura sometimes causes spilled
                  | blood to erupt in flames. [demonic ancestry]
    37 | D        | Reached XP level 2. HP: 22/22 MP: 1/7
   141 | D        | Entered arena 2.
   141 | D        | Found a transporter.
   144 | D        | Gained mutation: A weak demonic guardian rushes to your
                  | aid. [demonic ancestry]
   144 | D        | Reached XP level 3. HP: 13/27 MP: 9/9
   203 | D        | Entered arena 3.
   203 | D        | Found a transporter.
   206 | D        | Reached * piety under Qazlal
   207 | D        | Reached skill level 1 in Ranged Weapons
   207 | D        | Reached skill level 10 in Invocations
   207 | D        | Gained mutation: You have a pair of small horns on your
                  | head. [demonic ancestry]
   207 | D        | Reached XP level 4. HP: 19/35 MP: 11/11
   217 | D        | Got the ring "Vuheujur" {rN+ SInv}
   279 | D        | Entered arena 4.
   279 | D        | Found the +8 Vampire's Tooth {megavamp}
   279 | D        | Noticed a floating eye
   279 | D        | Found a transporter.
   280 | D        | Paralysed by a floating eye for 2 turns
   282 | D        | Killed a floating eye
   282 | D        | Reached ** piety under Qazlal
   283 | D        | Reached skill level 11 in Invocations
   283 | D        | Gained mutation: You have a pair of horns on your head.
                  | [demonic ancestry]
   283 | D        | Reached XP level 5. HP: 46/46 MP: 13/13
   298 | D        | Entered arena 5.
   298 | D        | Found the amulet of the Four Winds {rN+ Will+++ Clar}
   298 | D        | Noticed a raiju
   298 | D        | Found a transporter.
   299 | D        | Reached *** piety under Qazlal
   299 | D        | Killed a raiju
   300 | D        | Reached skill level 5 in Ranged Weapons
   300 | D        | Reached skill level 12 in Invocations
   300 | D        | Gained mutation: You are partially covered in large bone
                  | plates. (SH +4) [demonic ancestry]
   300 | D        | Reached XP level 6. HP: 39/57 MP: 11/15
   325 | D        | Got the +8 broad axe "Odwymyoh" {spect, rF+ Int+3}
   328 | D        | Entered arena 6.
   328 | D        | Found a transporter.
   329 | D        | Reached **** piety under Qazlal
   330 | D        | Gained mutation: Your demonic aura often causes spilled
                  | blood to erupt in flames. [demonic ancestry]
   330 | D        | Reached XP level 7. HP: 53/64 MP: 16/16
   392 | D        | Entered arena 7.
   392 | D        | Noticed a rime drake
   392 | D        | Noticed a rime drake
   392 | D        | Noticed a polar bear
   393 | D        | Reached ***** piety under Qazlal
   396 | D        | Killed a rime drake
   397 | D        | Reached skill level 10 in Fighting
   397 | D        | Reached skill level 13 in Invocations
   397 | D        | Killed a rime drake
   397 | D        | Killed a polar bear
   398 | D        | Reached skill level 14 in Invocations
   398 | D        | Reached XP level 8. HP: 69/76 MP: 11/18
   439 | D        | Found a transporter.
   450 | D        | Got Ucurig Date's Advanced Steps in Spellcraft
   456 | D        | Entered arena 8.
   456 | D        | Noticed an orc high priest
   456 | D        | Noticed a deep elf archer
   456 | D        | Noticed a deep elf knight
   456 | D        | Noticed a deep elf zephyrmancer
   456 | D        | Noticed a deep elf pyromancer
   458 | D        | Killed a deep elf zephyrmancer
   458 | D        | Killed a deep elf knight
   459 | D        | Reached skill level 15 in Invocations
   459 | D        | Gained mutation: You are mostly covered in large bone
                  | plates. (SH +6) [demonic ancestry]
   459 | D        | Reached XP level 9. HP: 87/87 MP: 12/20
   461 | D        | Noticed an ice devil
   461 | D        | Killed an orc high priest
   462 | D        | Reached skill level 16 in Invocations
   462 | D        | Killed a deep elf pyromancer
   463 | D        | Reached skill level 15 in Fighting
   463 | D        | Killed a deep elf archer
   464 | D        | Reached skill level 10 in Ranged Weapons
   464 | D        | Gained mutation: You are completely covered in large bone
                  | plates. (SH +8) [demonic ancestry]
   464 | D        | Reached XP level 10. HP: 49/97 MP: 14/22
   596 | D        | Found a transporter.
   614 | D        | Entered arena 9.
   615 | D        | Reached ****** piety under Qazlal
   617 | D        | Reached skill level 17 in Invocations
   645 | D        | Found a transporter.
   656 | D        | Got the Handbook of Voltage and the Jinx
   658 | D        | Got Gloorx Vloq's Precepts of Shadows
   661 | D        | Entered arena 10.
   668 | D        | Killed a shadow wraith
   669 | D        | Found a transporter.
   680 | D        | Got the ring "Coiwir" {rElec rF+ AC+4 Str+2}
   699 | D        | Learned a level 9 spell: Fire Storm
   728 | D        | Entered arena 11.
   728 | D        | Noticed a yellow draconian
   728 | D        | Noticed a white draconian
   728 | D        | Noticed a draconian
   728 | D        | Noticed a yellow draconian
   728 | D        | Noticed a green draconian
   728 | D        | Noticed a draconian
   728 | D        | Noticed a draconian
   728 | D        | Noticed a green draconian
   728 | D        | Noticed a draconian
   730 | D        | Killed a draconian
   731 | D        | Reached skill level 1 in Conjurations
   731 | D        | Reached skill level 1 in Fire Magic
   731 | D        | Killed a draconian
   731 | D        | Killed a draconian
   731 | D        | Killed a draconian
   731 | D        | Killed a green draconian
   731 | D        | Killed a green draconian
   731 | D        | Killed a yellow draconian
   731 | D        | Killed a white draconian
   732 | D        | Reached skill level 19 in Invocations
   732 | D        | Reached XP level 11. HP: 106/106 MP: 8/24
   733 | D        | Killed a yellow draconian
   734 | D        | Reached skill level 20 in Invocations
   816 | D        | Found a transporter.
   834 | D        | Got the ring "Neyzo" {Fire rPois rN+++ Str-2 Slay-6}
   839 | D        | Got the Grimoire of the Whammy
   843 | D        | Entered arena 12.
   844 | D        | Noticed an azure jelly
   847 | D        | Reached skill level 1 in Armour
   847 | D        | Reached skill level 1 in Spellcasting
   850 | D        | Slain by a slime creature

Skill      XL: |  1  2  3  4  5  6  7  8  9 10 11 |
---------------+----------------------------------+-----
Invocations    | 9 10 11 12 14 15 16 19 20 | 20.2
Staves         | 4 |  4.7
Fighting       | 3 6 8 9 12 14 15 16 | 16.7
Ranged Weapons | 1 3 5 7 9 10 11 | 11.0
Conjurations   | 7 8 |  8.6
Fire Magic     | 6 7 |  7.7
Armour         | 1 |  1.3
Spellcasting   | 1 |  1.3
Throwing       | |  1.7
Dodging        | |  2.6

Action                     |  1- 3 |  4- 6 |  7- 9 | 10-12 || total
---------------------------+-------+-------+-------+-------++-------
  Melee: Quick blade       |       |     6 |       |       ||     6
   Fire: Longbow           |     7 |     6 |    13 |    17 ||    43
 Invoke: Upheaval          |       |     1 |     4 |     7 ||    12
         Disaster Area     |       |       |       |     1 ||     1
  Evoke: Lightning rod     |       |     2 |       |       ||     2
    Use: Potion            |     1 |       |       |       ||     1
 Armour: Crystal plate arm |    11 |     6 |    15 |    21 ||    53
  Dodge: Dodged            |     2 |     1 |     4 |     6 ||    13
  Block: Other             |       |     3 |    18 |    13 ||    34

Levels and vault maps discovered:
D:        sprint_v [room_start, room_1, room_2, room_3, room_4, room_5, room_6,
          room_7, room_8, room_9, room_10, room_11, room_12, room_13, room_14,
          room_15, room_16, room_17, room_18, room_19, room_20, room_21,
          room_22, room_23, room_24, room_25, room_26, room_27]
